Map: Lerilak Crest

Players

LilDicky

  • Race: Terran Terran
  • League: Platinum

THCCookie - Winner!

  • Race: Protoss Protoss
  • League: Platinum

VOD

http://www.twitch.tv/tumescentpie

Description

Time

  • Played on: Nov. 20, 2015, 10:53 p.m.
  • Length: 4:30
Show
View Real Time Build Order
Export as new Build Order

LilDicky Terran 

Build Orders:  

Get SALT Encoding   

  12  0:02  SCV  
  13  0:14  SCV  
  14  0:22  Supply Depot  
  14  0:26  SCV  
  15  0:44  SCV  
  15  0:46  Barracks  
  16  0:51  Refinery  
  16  0:56  SCV  
  17  1:08  SCV  
  18  1:20  SCV  
  20  1:38  Marine  
  20  1:39  Orbital Command  
  20  1:47  Supply Depot  
  20  1:51  Factory  
  20  1:54  Refinery  
  20  1:55  Marine  
  21  2:04  SCV  
  22  2:13  Marine  
  23  2:16  SCV  
  24  2:28  SCV  
  25  2:31  Marine  
  25  2:36  Widow Mine  
  28  2:37  Starport  
  28  2:42  Command Center  
  28  2:44  SCV  
  29  2:49  Marine  
  30  2:58  SCV  
  30  3:04  Supply Depot  
  31  3:14  Marine, Widow Mine  
  31  3:15  Medivac  
  36  3:22  SCV  
  37  3:34  SCV  
  37  3:40  Supply Depot  
  37  3:43  Widow Mine  
  37  3:46  SCV, Starport Tech Lab  
  40  3:56  Orbital Command  
  40  4:00  Starport  
  40  4:02  Marine  
  41  4:03  SCV  
Show
View Real Time Build Order
Export as new Build Order

THCCookie Protoss - Winner!

Build Orders: Oracle Opening 

Get SALT Encoding   

  12  0:01  Probe (Chrono Boost)  
  13  0:12  Probe (Chrono Boost)  
  14  0:21  Pylon  
  14  0:22  Probe (Chrono Boost)  
  15  0:39  Probe (Chrono Boost)  
  15  0:41  Gateway  
  16  0:50  Probe (Chrono Boost)  
  17  1:00  Probe (Chrono Boost)  
  17  1:03  Pylon  
  18  1:05  Assimilator  
  18  1:07  Assimilator  
  19  1:11  Probe (Chrono Boost)  
  19  1:22  Probe (Chrono Boost)  
  20  1:29  Cybernetics Core  
  20  1:33  Probe (Chrono Boost)  
  21  1:41  Gateway  
  21  1:43  Probe (Chrono Boost)  
  23  1:54  Probe (Chrono Boost)  
  23  2:06  Mothership Core (Chrono Boost), Warp Gate (Chrono Boost)  
  23  2:08  Adept  
  27  2:24  Probe (Chrono Boost)  
  27  2:29  Adept  
  29  2:35  Probe (Chrono Boost)  
  30  2:37  Pylon  
  30  2:59  Stargate  
  30  3:03  Nexus  
  30  3:10  Probe  
  31  3:13  Gateway  
  31  3:22  Probe  
  32  3:33  Pylon  
  32  3:41  Probe  
  33  3:44  Oracle  
  33  3:48  Robotics Facility  
  36  3:53  Probe  
  36  3:55  Pylon  
  37  4:05  Adept  
  37  4:08  Adept  
  41  4:17  Stalker  
Tags
 
Add a new tag
Caveats
  • Supply blocks, unpowered buildings, or Contaminate may cause inaccurate times.
  • Supply counts are checked every 10 seconds.